Unix NetHack Version 5.0.0-0 post-release - last build Jul 19 2026 19:10:59 (3aa4ab31751d3886436d94b585a96704892fd477,branch:main).

Game began 2026-07-29 09:44:16, ended 2026-07-30 10:21:13.

ChoHag, chaotic female orcish Rogue

             ----------------
             +..............-#
             |..............|#
             ...............|#                           -------------
       .     --------.-------#                           |...........|
                     #       #                           +.........>.|
                     ######  #                           |...........|
                          #######   #      #          ###-...........|
                             #  #############         #  |.@.........|
                                    #      # -----+-  #  -------------
                                           ##|.....|  #
                                            #|......###
                                            #|.....|
                                            #-.....|
                                             |.....|
                                             -------

ChoHag the Pilferer     St:18 Dx:18 Co:17 In:10 Wi:12 Ch:10  Chaotic S:32801
Dlvl:9  $:0  HP:0(68) Pw:43(43) AC:-9 Xp:10/6577 T:19731 

Latest messages:
 Status of the Elvenqueen (chaotic, medium):  Level 8  HP 5(34)  AC 1, blind.
 You miss the Elvenqueen.
 The Elvenqueen thrusts her runed short sword.
 The Elvenqueen hits!
 The Elvenqueen thrusts her runed short sword.
 The Elvenqueen misses!
 You kill the Elvenqueen!
 You hit the panther!
 The panther misses!
 The panther hits!
 The panther misses!
 The panther misses!
 The panther misses!
 The panther misses!
 You hit the panther.
 You hear crashing rock.
 The panther hits!
 The panther misses!
 The panther misses!
 What do you want to use or apply? [b-dgikrswzABJKMQTX or ?*] c
 In what direction? b
 Status of the panther (neutral, large):  Level 6  HP 18(28)  AC 6.
 You hit the panther.
 The panther hits!
 The panther misses!
 The panther misses!
 The panther just misses!
 The panther hits!
 The panther bites!
 You hit the panther.
 You hear crashing rock.
 The panther misses!
 The panther hits!
 The panther bites!
 In what direction? b
 The orcish dagger hits the panther.
 The panther hits!
 The panther misses!
 The panther bites!
 The panther misses!
 The panther hits!
 The panther bites!
 What do you want to use or apply? [b-dgikrswzABJKMQTX or ?*] c
 In what direction? b
 Status of the panther (neutral, large):  Level 6  HP 6(28)  AC 6.
 What do you want to zap? [dgrszABKMQ or ?*] ?
 In what direction? >
 You dig a hole through the floor.
 You fall through...
 You die...

Inventory:
 Amulets  ('"')
  l - an uncursed amulet of reflection (being worn)
 Weapons  (')')
  a - a blessed +0 dwarvish short sword (weapon in right hand)
  f - 11 cursed -3 darts
  j - a +1 boomerang
  t - a +0 aklys named +9 cold
  I - 40 cursed +0 darts
  V - 8 +0 darts
  W - 11 cursed -1 darts
  Y - 15 +0 orcish daggers (at the ready)
 Armor    ('[')
  e - an uncursed +0 pair of water walking boots (being worn)
  o - an uncursed +0 pair of leather gloves (being worn)
  q - an uncursed +0 dwarvish mithril-coat (being worn)
  v - an uncursed very rusty +0 helm of caution (being worn)
  x - a blessed +0 robe (being worn)
 Rings    ('=')
  R - an uncursed +1 ring of gain constitution (on left hand)
 Wands    ('/')
  d - a wand of locking (0:4)
  g - a wand of cancellation (0:2)
  r - a wand of light (0:12)
  s - a wand of opening (0:2)
  z - a wand of make invisible (0:6)
  A - a wand of digging (0:5)
  B - a wand of lightning (0:0)
  K - a wand of speed monster (0:6)
  M - a wand of create monster (0:15)
  Q - a wand of probing (0:3)
 Tools    ('(')
  b - an uncursed sack containing 28 items
  c - an uncursed stethoscope
  i - an uncursed mirror
  k - an uncursed skeleton key
  w - an uncursed magic whistle
  T - a +0 unicorn horn
  X - an uncursed towel
 Gems/Stones  ('*')
  J - an uncursed luckstone

Contents of the sack:
  67 gold pieces
  an uncursed burnt +0 robe
  an uncursed orange
  an uncursed sprig of wolfsbane
  3 uncursed tripe rations
  an uncursed tin of dwarf meat
  an uncursed egg
  an uncursed lizard corpse
  an uncursed lizard corpse
  2 uncursed scrolls of blank paper
  a cursed scroll of blank paper
  a blessed potion of healing
  an uncursed potion of healing
  an uncursed potion of restore ability
  an uncursed ring of cold resistance
  an uncursed ring of fire resistance
  a cursed -1 ring of gain constitution
  a cursed -1 ring of gain strength
  an uncursed ring of polymorph control
  an uncursed ring of teleport control
  a wand of create monster (0:13)
  a wand of light (0:14)
  a wand of polymorph (0:4)
  a cursed brass lantern
  an uncursed diamond
  2 uncursed topaz stones
  an uncursed worthless piece of yellow glass
  an uncursed worthless piece of yellowish brown glass

ChoHag the Rogue's attributes:

Background:
 You were a Pilferer, a level 10 female orcish Rogue.
 You were chaotic, on a mission for Kos
 who was opposed by Issek (lawful) and Mog (neutral).
 You were right-handed.
 You were in the Dungeons of Doom, on level 9.
 You entered the dungeon 19731 turns ago.
 There was a full moon in effect when your adventure ended.
 You had 6577 experience points, 3423 more were needed to attain level 11.
 Your score was 32801 before end-of-game adjustments.

Basics:
 You had 0 out of 68 hit points.
 You had all 43 energy points (spell power).
 Your armor class was -9.
 Your wallet was empty, but
 you had 67 zorkmids stashed away in your pack.
 Autopickup was on for '$!/?"+=' plus thrown.

Final Characteristics:
 Your strength was 18 (limit:18/50).
 Your dexterity was 18 (limit:18).
 Your constitution was 17 (base:16, peak:17, limit:18).
 Your intelligence was 10 (limit:16).
 Your wisdom was 12 (limit:16).
 Your charisma was 10 (limit:16).

Final Status:
 You weren't hungry.
 You were unencumbered.
 You were wielding a short sword.
 You had basic skill with short sword and could have enhanced that.

Final Attributes:
 You were piously aligned.
 You were cold resistant.
 You were poison resistant.
 You were telepathic.
 You were warned.
 You had automatic searching.
 You had infravision.
 You were stealthy.
 You could walk on water.
 You had a moderate defense bonus (+9).
 You were guarded.
 You had reflection.
 You were lucky.
 You had extra luck.
 Bad luck did not time out for you.
 Good luck did not time out for you.
 You are dead (2nd time!).

Miscellaneous:
 You didn't encounter any bones levels.
 Total elapsed playing time was 7 hours, 31 minutes and 11 seconds.

Major events:
 Turn
    1: ChoHag the chaotic female orcish Rogue entered the dungeon
 1661: entered the Gnomish Mines
 3907: reached Mine Town
 4531: attained the rank of Cutpurse (level 3)
 4550: read a Discworld novel
 5203: attained the rank of Rogue (level 6)
 8509: acquired the Mines' End luckstone
12475: entered Sokoban
13470: completed 1st Sokoban level
13827: completed 2nd Sokoban level
14364: completed 3rd Sokoban level
15402: completed 4th Sokoban level
16503: acquired the Sokoban amulet of reflection
16749: attained the rank of Pilferer (level 10)
17245: averted death (killed by a spotted jelly)
19731: killed by falling down a mine shaft

You didn't know any spells.

Skills:
 Fighting Skills
   bare handed combat [Unskilled]
   two weapon combat  [Unskilled]
   riding             [Unskilled]
 Weapon Skills
   dagger             [Skilled]
   knife              [Unskilled]
   short sword        [Basic]
   broadsword         [Unskilled]
   long sword         [Unskilled]
   two-handed sword   [Unskilled]
   saber              [Unskilled]
   club               [Unskilled]
   mace               [Unskilled]
   morning star       [Unskilled]
   flail              [Unskilled]
   hammer             [Unskilled]
   polearms           [Unskilled]
   spear              [Unskilled]
   crossbow           [Unskilled]
   dart               [Unskilled]
   shuriken           [Unskilled]
 Spellcasting Skills
   divination spells  [Unskilled]
   escape spells      [Unskilled]
   matter spells      [Unskilled]

Voluntary challenges:
 Character rerolling was not enabled.
 You never genocided any monsters.
 You used no wishes.
 You did not violate any of the special Sokoban rules.
Achievements:
 You entered a shop.
 You entered the Gnomish Mines.
 You entered Minetown.
 You entered a temple.
 You attained the rank of Cutpurse.
 You read from a Discworld novel.
 You attained the rank of Rogue.
 You completed the Gnomish Mines.
 You entered Sokoban.
 You completed Sokoban.
 You attained the rank of Pilferer.

 The Dungeons of Doom: levels 1 to 10
    Level 1: "unvault"
       A fountain.
    Level 2: "unvault"
       An armor shop, a sink.
    Level 3: "unvault"
       Some fountains.
    Level 4: "open stash"
       Stairs down to The Gnomish Mines.
    Level 5:
    Level 6: "vault"
       A general store.
       Stairs up to Sokoban, level 5.
    Level 7:
       A wand shop, some fountains.
    Level 8:
       Many shops.
    Level 9: <- You were here.
       Final resting place for
          you, killed by falling down a mine shaft.
    Level 10:
 The Gnomish Mines: levels 5 to 13
    Level 5:
    Level 6:
    Level 7:
    Level 8: "stash"
       Many shops, a temple and an altar, some fountains.
    Level 9: "RIP Joe"
    Level 10:
    Level 11:
    Level 12:
    Level 13:
       A fountain.
 Sokoban: levels 5 up to 2
    Level 2:
       Solved.
    Level 3:
       Solved.
    Level 4:
       Solved.
    Level 5: "stoned stash"
       Solved.


Vanquished creatures:
  2 giant mimics
 an elven monarch
  a large mimic
  a stalker
  a black naga
  3 wargs
  7 small mimics
  a glass piercer
  3 warhorses
  3 ettin mummies
  2 ogre leaders
  a troll
  a sasquatch
  a wood golem
  a gelatinous cube
  a large dog
  2 freezing spheres
  3 large cats
  a gargoyle
  a dwarf ruler
  a tengu
  a leocrotta
 an energy vortex
  a mountain centaur
  3 elf mummies
  a human mummy
  a red naga
  2 wraiths
  a carnivorous ape
  2 ettin zombies
  a leather golem
  2 amorous demons
  a chameleon
  2 giant beetles
  a quivering blob
  5 cockatrices
  5 wolves
  3 lynxes
  3 leprechauns
  2 mumakil
  2 giant spiders
  a scorpion
  a horse
 an ice vortex
  2 black lights
  4 vampire bats
  a forest centaur
  3 gnome rulers
  2 dwarf mummies
 an ogre
  a brown pudding
  2 rust monsters
  3 owlbears
  a yeti
  2 gold golems
  2 Green-elves
  5 lizards
  2 chickatrices
  a dingo
  a housecat
  a jaguar
  3 dwarf leaders
  a gray unicorn
  5 dust vortices
  a snake
  8 apes
  2 human zombies
  a rope golem
  a Woodland-elf
  7 soldier ants
  a fire ant
  3 bugbears
  2 mountain nymphs
  8 Uruk-hai
 an orc shaman
  2 rock piercers
  a rock mole
  4 fog clouds
  3 yellow lights
  a shrieker
  2 violet fungi
 17 gnome leaders
  5 gnomish wizards
  a kobold mummy
  3 gray oozes
  a barrow wight
  4 elf zombies
  a paper golem
  7 giant ants
  a little dog
  8 floating eyes
  a kitten
 15 dwarves
  2 homunculi
  a kobold leader
  7 hill orcs
  8 rothes
  a centipede
  4 giant bats
  2 monkeys
  3 orc zombies
  2 dwarf zombies
  2 werejackals
  7 iguanas
 11 killer bees
  3 acid blobs
  a coyote
  4 gas spores
  4 hobbits
  3 manes
  2 hobgoblins
  7 giant rats
  4 cave spiders
  a brown mold
  3 yellow molds
  a green mold
  2 red molds
 58 gnomes
  2 gnome zombies
 11 geckos
 17 jackals
  7 foxes
  a kobold
  7 goblins
  6 sewer rats
 12 grid bugs
  2 bats
  8 lichens
  3 kobold zombies
 19 newts
474 creatures vanquished.

No species were genocided or became extinct.

Game over:
                       ----------
                      /          \
                     /    REST    \
                    /      IN      \
                   /     PEACE      \
                  /                  \
                  |      ChoHag      |
                  |      67 Au       |
                  |    killed by     |
                  |  falling down a  |
                  |    mine shaft    |
                  |                  |
                  |       2026       |
                 *|     *  *  *      | *
        _________)/\\_//(\/(/\)/\//\/|_)_______

Goodbye ChoHag the Rogue...

You died in The Dungeons of Doom on dungeon level 9 with 32795 points,
and 67 pieces of gold, after 19731 moves.
You were level 10 with a maximum of 68 hit points when you died.

